Map: New Gettysburg LE

Players

PtitDrogo

  • Race: Protoss Protoss
  • League: Master

Nerchio - Winner!

  • Race: Zerg Zerg
  • League: Master

Event: DreamHack ZOWIE Open Valencia 2016

VOD

Have the link to the VOD?

Description

Time

  • Played on: July 15, 2016, 8:26 a.m.
  • Length: 10:32

All games in this series

Show
View Real Time Build Order
Export as new Build Order

PtitDrogo Protoss 

Build Orders: 1 Gate Expand, Phoenix Opening 

Get SALT Encoding   

  12  0:01  Probe (Chrono Boost)  
  13  0:11  Probe (Chrono Boost)  
  14  0:19  Pylon  
  14  0:24  Probe (Chrono Boost)  
  15  0:37  Probe (Chrono Boost)  
  15  0:40  Gateway  
  16  0:47  Probe (Chrono Boost)  
  16  0:48  Assimilator  
  17  0:58  Probe (Chrono Boost)  
  18  1:08  Probe (Chrono Boost)  
  19  1:22  Nexus  
  20  1:25  Probe (Chrono Boost)  
  20  1:35  Cybernetics Core  
  20  1:38  Probe (Chrono Boost)  
  21  1:43  Assimilator  
  21  1:49  Probe (Chrono Boost)  
  21  1:53  Pylon  
  22  2:00  Probe (Chrono Boost)  
  23  2:09  Adept  
  23  2:13  Warp Gate, Probe (Chrono Boost)  
  26  2:25  Probe (Chrono Boost)  
  27  2:32  Stargate  
  27  2:33  Zealot  
  27  2:35  Probe (Chrono Boost)  
  31  2:38  Probe (Chrono Boost)  
  31  2:45  Probe (Chrono Boost)  
  31  2:50  Probe (Chrono Boost)  
  33  2:56  Mothership Core (Chrono Boost)  
  35  3:00  Adept, Probe (Chrono Boost)  
  38  3:11  Probe (Chrono Boost)  
  39  3:13  Phoenix  
  39  3:16  Probe (Chrono Boost)  
  41  3:21  Probe (Chrono Boost)  
  41  3:23  Pylon  
  43  3:28  Probe (Chrono Boost)  
  43  3:32  Probe (Chrono Boost)  
  44  3:38  Phoenix  
  44  3:40  Probe (Chrono Boost)  
  45  3:43  Probe (Chrono Boost)  
  48  3:50  Nexus  
  48  3:52  Probe (Chrono Boost)  
  48  3:55  Pylon  
  49  3:56  Probe (Chrono Boost)  
  49  4:01  Phoenix  
  50  4:04  Probe (Chrono Boost)  
  50  4:08  Probe (Chrono Boost)  
  54  4:11  Pylon  
  54  4:16  Probe (Chrono Boost)  
  55  4:20  Probe (Chrono Boost)  
  55  4:22  Phoenix  
  56  4:28  Probe (Chrono Boost), Assimilator  
  56  4:30  Probe (Chrono Boost)  
  56  4:31  Assimilator  
  60  4:34  Twilight Council  
  60  4:41  Probe (Chrono Boost)  
  60  4:44  Probe (Chrono Boost)  
  62  4:52  Phoenix  
  61  4:53  Probe (Chrono Boost)  
  61  4:59  Probe (Chrono Boost)  
  64  5:02  Probe (Chrono Boost), Resonating Glaives  
  64  5:05  Probe (Chrono Boost)  
  66  5:07  Robotics Facility  
  66  5:10  Probe (Chrono Boost)  
  67  5:15  Probe (Chrono Boost)  
  67  5:20  Gateway  
  68  5:21  Gateway  
  68  5:22  Gateway  
  68  5:23  Gateway  
  68  5:24  Gateway  
  68  5:27  Gateway  
  68  5:32  Gateway  
  71  5:35  Probe (Chrono Boost)  
  71  5:37  Probe x2 (Chrono Boost)  
  71  5:46  Probe (Chrono Boost)  
  71  5:47  Pylon  
  71  5:49  Probe (Chrono Boost)  
  73  5:52  Warp Prism  
  73  5:59  Sentry  
  73  6:00  Probe (Chrono Boost)  
  73  6:02  Assimilator x2  
  73  6:03  Probe (Chrono Boost)  
  73  6:04  Pylon  
  79  6:05  Pylon  
  81  6:11  Probe (Chrono Boost)  
  81  6:12  Probe (Chrono Boost)  
  81  6:15  Probe (Chrono Boost)  
  81  6:17  Pylon  
  82  6:18  Pylon  
  82  6:24  Adept x7  
  96  6:34  Phoenix  
  96  6:35  Pylon  
  96  6:37  Pylon  
  98  6:47  Adept  
  98  6:48  Adept x6  
  98  6:49  Adept  
  114  7:10  Adept x8  
  80  7:30  Adept x8, Warp Prism  
  80  7:33  Probe (Chrono Boost)  
  71  7:37  Adept x8  
  71  7:41  Probe (Chrono Boost)  
  87  7:44  Probe (Chrono Boost)  
  87  7:45  Templar Archives  
  87  7:47  Forge  
  87  7:48  Probe (Chrono Boost)  
  88  7:53  Pylon x2, Probe (Chrono Boost)  
  88  7:56  Probe (Chrono Boost)  
  90  7:58  Sentry  
  90  7:59  Sentry  
  90  8:00  Zealot x2  
  90  8:04  Probe (Chrono Boost)  
  90  8:05  Sentry  
  94  8:20  Stalker x2  
  94  8:21  Stalker  
  94  8:24  Adept x4  
  99  8:39  Photon Cannon  
  99  8:41  Photon Cannon  
  99  8:45  High Templar x4  
  107  8:49  Pylon, Archon  
  107  8:50  Archon  
  107  8:53  Adept x4  
  113  9:09  Probe (Chrono Boost)  
  112  9:10  Probe x2 (Chrono Boost)  
  110  9:23  High Templar  
  110  9:24  High Templar x3  
  114  9:26  Adept x2  
  114  9:27  Nexus, Archon  
  114  9:28  Pylon, Archon  
  123  9:40  Probe (Chrono Boost)  
  123  9:45  Pylon  
  121  9:46  Pylon  
  121  9:51  Zealot x4  
  129  9:55  Photon Cannon  
  129  9:56  Photon Cannon  
  129  9:57  Probe (Chrono Boost)  
  129  9:58  Photon Cannon  
  127  10:08  Probe (Chrono Boost)  
  127  10:13  Probe (Chrono Boost)  
  108  10:15  Zealot x8  
  108  10:17  Robotics Facility  
Show
View Real Time Build Order
Export as new Build Order

Nerchio Zerg - Winner!

Build Orders: Hatch First, Lurkers 

Get SALT Encoding   

  12  0:00  Drone  
  13  0:13  Overlord  
  13  0:18  Drone  
  14  0:31  Drone x2  
  14  0:35  Drone  
  17  0:54  Hatchery  
  16  0:57  Drone  
  16  1:01  Drone  
  18  1:06  Extractor  
  17  1:17  Spawning Pool  
  16  1:20  Drone  
  16  1:23  Drone  
  18  1:29  Drone  
  19  1:39  Overlord  
  19  1:50  Drone  
  20  2:05  Queen  
  20  2:07  Queen  
  20  2:08  Metabolic Boost  
  24  2:09  Zergling x2  
  24  2:12  Drone  
  26  2:16  Drone  
  26  2:19  Drone  
  29  2:22  Drone  
  29  2:38  Hatchery  
  29  2:43  Zergling x2  
  29  2:44  Zergling x2  
  30  2:46  Drone  
  30  2:48  Drone  
  32  2:52  Overlord  
  32  2:55  Drone  
  33  3:00  Drone  
  33  3:05  Drone  
  35  3:10  Queen  
  37  3:15  Drone x3  
  37  3:17  Drone  
  37  3:18  Drone  
  42  3:21  Drone  
  42  3:23  Drone  
  42  3:25  Overlord  
  43  3:29  Drone  
  44  3:35  Overlord  
  44  3:45  Overlord  
  44  3:46  Drone x5  
  49  3:49  Queen  
  49  3:52  Overlord  
  49  3:55  Drone  
  52  3:59  Lair  
  52  4:02  Evolution Chamber  
  51  4:03  Drone  
  51  4:06  Drone  
  51  4:07  Drone  
  51  4:08  Drone  
  55  4:11  Drone  
  55  4:14  Spore Crawler  
  55  4:15  Drone  
  55  4:16  Drone  
  57  4:20  Queen  
  57  4:22  Drone  
  57  4:24  Drone  
  61  4:25  Drone  
  61  4:31  Zerg Melee Weapons Level 1  
  61  4:32  Drone x3  
  61  4:33  Overlord  
  64  4:38  Drone x2  
  64  4:41  Extractor  
  64  4:43  Extractor  
  64  4:44  Spine Crawler  
  64  4:45  Drone, Extractor  
  64  4:46  Drone x2  
  64  4:48  Drone  
  65  4:52  Drone  
  65  4:53  Drone x2  
  65  4:56  Overlord  
  65  4:57  Drone x2  
  65  4:58  Drone  
  70  5:03  Drone x2, Hydralisk Den  
  70  5:04  Drone  
  70  5:05  Drone  
  70  5:06  Extractor  
  72  5:11  Drone x3  
  72  5:12  Overlord  
  75  5:21  Overlord  
  75  5:25  Baneling Nest  
  75  5:26  Drone x2  
  76  5:29  Extractor  
  76  5:30  Drone, Hatchery  
  76  5:31  Drone  
  76  5:35  Muscular Augments  
  76  5:38  Drone  
  76  5:41  Drone x4  
  80  5:42  Drone  
  80  5:44  Overlord  
  80  5:52  Hydralisk x3  
  80  5:55  Hydralisk  
  88  5:59  Hydralisk x2  
  88  6:04  Hydralisk  
  92  6:06  Hydralisk  
  92  6:07  Hydralisk  
  92  6:09  Hydralisk  
  100  6:11  Overlord  
  100  6:14  Overlord  
  100  6:17  Centrifical Hooks  
  99  6:21  Drone x2  
  99  6:22  Drone  
  99  6:23  Overlord  
  102  6:26  Zergling x4  
  102  6:28  Overlord  
  102  6:30  Overlord  
  104  6:33  Zerg Missile Weapons Level 1  
  104  6:34  Hydralisk  
  104  6:37  Hydralisk  
  104  6:39  Hydralisk  
  108  6:43  Hydralisk  
  108  6:44  Hydralisk  
  114  6:48  Drone  
  114  6:49  Hydralisk x2  
  114  6:54  Zergling x6  
  122  6:57  Baneling x4  
  122  6:58  Zergling x4  
  122  6:59  Zergling x2  
  122  7:01  Zergling x2  
  124  7:04  Zergling x6  
  124  7:07  Zergling x6  
  130  7:08  Zergling x2  
  130  7:15  Zergling x6  
  119  7:16  Zergling x6  
  119  7:17  Zergling x2  
  119  7:18  Zergling x2  
  119  7:21  Zergling x2  
  119  7:22  Zergling x2  
  105  7:23  Hydralisk  
  105  7:28  Hydralisk  
  105  7:29  Hydralisk  
  97  7:33  Hydralisk  
  97  7:35  Hydralisk  
  100  7:38  Queen  
  100  7:42  Hydralisk  
  100  7:43  Hydralisk  
  106  7:48  Drone x3  
  106  7:49  Drone  
  106  7:50  Drone  
  111  7:53  Lurker Den  
  111  7:57  Baneling x6  
  111  7:58  Baneling  
  111  8:01  Queen  
  111  8:04  Overlord  
  113  8:07  Queen  
  115  8:16  Hydralisk x4  
  120  8:24  Hydralisk x4  
  121  8:30  Hydralisk x2  
  122  8:34  Zergling x8  
  122  8:38  Zergling x4  
  122  8:39  Zergling x4  
  129  8:41  Queen  
  129  8:47  Zergling x2  
  129  8:48  Zergling x2  
  133  8:49  Zergling x2  
  133  8:55  Hydralisk  
  130  8:59  Hydralisk  
  130  9:00  Hydralisk x2  
  133  9:04  Hydralisk  
  133  9:07  Hydralisk x2  
  133  9:09  Hydralisk  
  135  9:12  Hydralisk  
  135  9:15  Drone x3  
  139  9:18  Hydralisk  
  139  9:21  Overlord  
  141  9:25  Zergling x6  
  141  9:26  Zergling x2  
  141  9:28  Zergling x4  
  147  9:31  Overseer  
  147  9:32  Lurker  
  147  9:33  Lurker x2  
  147  9:35  Lurker  
  147  9:38  Lurker  
  152  9:39  Overlord  
  152  9:40  Overlord  
  152  9:43  Lurker x2  
  152  9:44  Zergling x2  
  154  9:45  Zergling x2  
  154  9:47  Zergling x2  
  154  9:48  Zergling x2  
  154  9:49  Zergling x2  
  154  9:50  Zergling x2  
  159  9:54  Overlord  
  159  9:57  Overlord  
  159  9:58  Zergling x2  
  159  9:59  Zergling x4  
  162  10:05  Zergling x12  
  165  10:10  Zergling x8  
  165  10:13  Zergling x4  

Tags
 
Add a new tag
Caveats
  • Supply blocks, unpowered buildings, or Contaminate may cause inaccurate times.
  • Supply counts are checked every 10 seconds.